 Dungeon Crawl Stone Soup version 0.23-a0-712-g3a644c0 (webtiles) character file.

322267 Lanoc the Bludgeoner (level 21, -12/327 HPs)
             Began as a Troll Berserker on Jan 15, 2019.
             Was a High Priest of Trog.
             Mangled by a caustic shrike (19 damage)
             ... on level 3 of the Depths.
             The game lasted 02:05:56 (39734 turns).

Lanoc the Bludgeoner (Troll Berserker)             Turns: 39734, Time: 02:05:57

Health: -12/327    AC:  8    Str: 51    XL:     21   Next: 0%
Magic:  20/20      EV: 16    Int:  3    God:    Trog [*****.]
Gold:   1512       SH:  0    Dex: 12    Spells: 20/20 levels left

rFire    . . .     SeeInvis +   g - +10 giant club "Sealuz" {venom, Dex+3}
rCold    . . .     Gourm    +   (shield currently unavailable)
rNeg     . . .     Faith    .   T - +0 shadow dragon scales
rPois    +         Spirit   .   R - +2 hat {MR+}
rElec    .         Reflect  .   E - scarf {repulsion}
rCorr    .         Harm     .   (gloves unavailable)
MR       +++++                  (boots unavailable)
Stlth    ..........             O - amulet of the acrobat
HPRegen  2.04/turn              U - ring of protection from magic
MPRegen  0.17/turn              s - ring of Imnemohi {+Blink rPois Str+8 SInv}

@: berserking, corroded, regenerating, repel missiles, very quick
A: large, unfitting armour, claws 3, fast metabolism 3, gourmand, regeneration
1, shaggy fur 1, tough skin 2
}: 1/15 runes: serpentine
a: Berserk, Trog's Hand, Brothers in Arms, Renounce Religion, Evoke Blink


You were on level 3 of the Depths.
You worshipped Trog.
Trog was extremely pleased with you.
You were very full.

You visited 7 branches of the dungeon, and saw 35 of its levels.
You also visited: Ossuary and Bailey.

You collected 4353 gold pieces.
You spent 2841 gold pieces at shops.

Inventory:

Hand Weapons
 g - the +10 giant club "Sealuz" (weapon) {venom, Dex+3}
   (Trog gifted it to you on level 9 of the Dungeon)

   It poisons the flesh of those it strikes.
   It affects your dexterity (+3).
 K - a +1 blowgun
 X - the +7 great mace of Ecwia {freeze, Dex+6}
   (Trog gifted it to you on level 5 of the Lair of Beasts)

   It has been specially enchanted to freeze those struck by it, causing extra
   injury to most foes and up to half again as much damage against particularly
   susceptible opponents.
   It can also slow down cold-blooded creatures.
   It affects your dexterity (+6).
Missiles
 l - 53 large rocks (quivered)
 u - 13 exploding tomahawks
 L - 9 curare-tipped needles
Armour
 E - a scarf of repulsion (worn)
 R - a +2 hat of magic resistance (worn)
 T - +0 shadow dragon scales (worn)
Jewellery
 h - an uncursed ring of flight
 s - the ring of Imnemohi (right claw) {+Blink rPois Str+8 SInv}
   (You bought it in a shop on level 3 of the Snake Pit)

   [ring of poison resistance]

   It affects your strength (+8).
   It protects you from poison.
   It lets you see invisible.
   It lets you blink.
 G - an uncursed ring of protection from fire
 M - an uncursed amulet of regeneration
 O - an amulet of the acrobat (around neck)
 U - a ring of protection from magic (left claw)
Wands
 d - a wand of flame (8)
 v - a wand of iceblast (11)
 y - a wand of digging (27)
 B - a wand of paralysis (19)
 F - a wand of clouds (6)
 Q - a wand of acid (27)
Scrolls
 a - 9 scrolls of teleportation
 b - 9 scrolls of fog
 e - 18 scrolls of remove curse
 i - a scroll of blinking
 j - 11 scrolls of magic mapping
 k - a scroll of silence
 o - 4 scrolls of fear
 w - a scroll of enchant armour
 C - 14 scrolls of identify
 D - 5 scrolls of enchant weapon
 N - 2 scrolls of holy word
 Y - a scroll of summoning
Potions
 f - 8 potions of brilliance
 m - 6 potions of mutation
 n - 7 potions of heal wounds
 p - 11 potions of curing
 q - a potion of flight
 r - a potion of ambrosia
 t - 3 potions of magic
 z - 3 potions of haste
 A - 2 potions of resistance
 J - 5 potions of might
 P - 5 potions of agility
 S - a potion of cancellation
Miscellaneous
 I - a sack of spiders
 V - 3 boxes of beasts
 Z - 4 phantom mirrors
Comestibles
 c - 71 rations
 x - 8 chunks of flesh


   Skills:
 + Level 15.3 Fighting
 + Level 20.0 Maces & Flails
 + Level 11.0 Throwing
 + Level 12.1 Armour
 + Level 15.3 Dodging


You had 20 spell levels left.
You didn't know any spells.
Your spell library was empty.

Dungeon Overview and Level Annotations

Branches:
Dungeon (15/15)            Temple (1/1) D:7            Lair (6/6) D:10
 Shoals (0/4) Lair:2        Snake (4/4) Lair:4        Slime (0/5) Lair:5
    Orc (2/2) D:10            Elf (0/3) Orc:2        Vaults (4/5) D:13
  Crypt (0/3) Vaults:2     Depths (3/5) D:15

Altars:
Ashenzari
Cheibriados
Dithmenos
Nemelex Xobeh
Okawaru
Ru
Trog
Uskayaw
Vehumet
Wu Jian
Xom
Zin
The Shining One

Shops:
D:5 [[   D:8 *   D:9 =   D:13 *   Orc:2 :%=}*   Snake:3 !==}   Vaults:1 (*?
Vaults:2 *   Vaults:4 (

Portals:
Hell: Depths:1 Depths:2 Depths:3
Pandemonium: Depths:1 Depths:3
Ziggurat: Depths:1

Annotations:
D:10 stash beside lair
Lair:3 exclusion: 2 oklob plants
Vaults:2 3 runed doors, Geloitur's ghost, veteran SpEE
Depths:3 Xtahua


Innate Abilities, Weirdness & Mutations

You are too large for most types of armour.
You have claws for hands.
Your metabolism is lightning-fast.
You like to eat raw meat.
Your natural rate of healing is unusually fast.
You are covered in fur. (AC +1)
You have very tough skin. (AC +2)


Message History

* * * LOW HITPOINT WARNING * * *
The caustic shrike claws you but does no damage.
Unknown command.
You barely miss the caustic shrike. The caustic shrike closely misses you.
You bludgeon the caustic shrike!!
The caustic shrike is moderately wounded.
The caustic shrike claws you!
* * * LOW HITPOINT WARNING * * *
The acid corrodes you!
You are splashed with acid!
The acid burns!
* * * LOW HITPOINT WARNING * * *
You bludgeon the caustic shrike!!
The caustic shrike is heavily wounded.
The caustic shrike claws you!!
* * * LOW HITPOINT WARNING * * *
You are splashed with acid!
The acid burns!
* * * LOW HITPOINT WARNING * * *
You completely miss the caustic shrike.
The caustic shrike is heavily wounded.
The caustic shrike claws you!!
You die...

........................# ###..#.
........................# #[.#.
........................# #..##
........##..............# ##....
.......####.(...........####..<..
.......# #.............(.....รท..
.......###..............#.......#
##.......... #?......#####.....#
##.........# #.@...### ###....
#.........# #..b..### ###..
.........##.....### ###
..............## # ............##
##........## #..........
##.$....... # .......... ###


You could see a caustic shrike.

Vanquished Creatures
  Saint Roka (Vaults:2)
  2 caustic shrikes
  Jory (Vaults:3)
  A lich (Depths:2)
  Rupert (Orc:2)
  2 titans
  2 sphinxes
  Agnes (Snake:4)
  Kirke (Snake:1)
  Gastronok (Lair:2)
  9 nagarajas
  6 fire giants
  2 shadow dragons
  8 vault wardens
  An emperor scorpion (shapeshifter) (Vaults:4)
  3 frost giants (Depths:2)
  An orc warlord (Orc:1)
  9 very ugly things
  9 ironheart preservers
  9 stone giants
  2 entropy weavers (Lair:6)
  A deep elf demonologist (Vaults:4)
  A spark wasp (Depths:2)
  A vampire knight (Vaults:2)
  7 ettins
  A blizzard demon (Depths:1)
  15 ogre magi
  5 yaktaur captains
  11 great orbs of eyes
  4 fire dragons
  The ghost of Feuff the Harbinger of Death, a journeyman MiFi of Yredelemnul (Lair:3)
  8 rakshasas
  11 naga warriors
  A monstrous demonspawn (Depths:1)
  Harold (D:8)
  7 hydras
  Erolcha (D:10)
  8 ice dragons
  A juggernaut simulacrum (Depths:2)
  2 death knights
  3 vault guards
  3 spriggan air magi
  8 centaur warriors
  39 two-headed ogres
  10 anacondas
  A queen ant (Lair:6)
  7 tengu warriors
  3 death yaks (D:10)
  3 deep troll shamans
  The ghost of Serurodgh the Grappler, a novice DrTm of Ru (Orc:1)
  2 orc high priests (Orc:1)
  4 deep troll earth magi
  8 shock serpents
  Urug (D:12)
  A deep elf knight (Orc:1)
  18 naga sharpshooters
  Sonja (Lair:1)
  2 shadow wraiths
  A fire crab (shapeshifter) (Vaults:3)
  5 skeletal warriors
  4 salamander mystics
  2 sea snakes
  A storm dragon skeleton (Depths:2)
  6 hell knights
  3 unseen horrors
  A gelid demonspawn (Depths:1)
  7 deep trolls
  An entropy weaver zombie (Vaults:1)
  4 glowing orange brains
  6 naga ritualists (Snake:4)
  Pikel (D:3)
  An orange crystal statue (Lair:4)
  3 wizards
  3 flayed ghosts
  9 mana vipers
  7 ironbrand convokers
  17 orc knights
  12 harpies
  7 necromancers
  3 orc sorcerers
  5 wolf spiders
  A deep elf archer (Vaults:2)
  8 deep elf magi
  3 manticores
  A fire giant zombie (Depths:2)
  A wolf spider (shapeshifter) (D:15)
  42 ugly things
  17 elephants
  A moth of wrath (shapeshifter) (Vaults:4)
  A frost giant skeleton (Depths:1)
  8 salamanders
  A stone giant skeleton (Vaults:1)
  33 black mambas
  7 guardian serpents
  19 naga magi
  2 gargoyles
  12 vault sentinels
  3 spiny frogs
  A yaktaur zombie (Vaults:1)
  3 centaur skeletons
  A komodo dragon (shapeshifter) (Vaults:4)
  2 kobold demonologists
  2 rime drakes (Lair:6)
  9 komodo dragons
  37 yaktaurs
  4 freezing wraiths
  4 tengu conjurers
  3 polar bears
  A polar bear (shapeshifter) (Vaults:4)
  3 meliai (D:15)
  7 trolls
  A wind drake (Lair:6)
  2 meliai (shapeshifter)
  A harpy zombie (D:14)
  A harpy skeleton (D:14)
  A merfolk (Lair:2)
  10 blink frogs
  A spriggan zombie (Depths:1)
  8 hippogriffs
  3 hornets
  15 slime creatures
  2 fire dragon zombies (Depths:1)
  A raiju (shapeshifter) (Vaults:3)
  A centaur simulacrum (D:14)
  2 water elementals
  A spriggan (D:7)
  36 yaks
  A shadow (D:14)
  A hog (shapeshifter) (D:15)
  2 tarantellas (shapeshifter)
  3 wraiths
  5 basilisks
  20 humans (D:13)
  7 wyverns
  A yak (shapeshifter) (D:14)
  A ynoxinul (Depths:1)
  A fire bat (shapeshifter) (Vaults:2)
  A hog (Snake:1)
  A human (shapeshifter) (Vaults:3)
  8 vampire mosquitoes
  5 hungry ghosts
  A harpy simulacrum (Vaults:1)
  6 wargs
  2 acid dragons
  A deep troll zombie (Vaults:1)
  54 nagas
  4 soldier ants (shapeshifter)
  5 soldier ants (Lair:6)
  9 porcupines
  8 water moccasins
  A swamp drake (D:10)
  3 slaves (D:3)
  49 orc warriors
  5 ice beasts
  4 sky beasts
  An eye of draining (D:13)
  2 black bears
  45 ogres
  An ettin simulacrum (Vaults:3)
  2 necrophages
  37 wolves (Lair:5)
  7 boggarts
  14 centaurs
  6 big kobolds
  A big kobold (shapeshifter) (D:11)
  11 crocodiles
  21 bullfrogs
  A glowing shapeshifter simulacrum (Vaults:3)
  2 water moccasin zombies (Ossuary)
  A wyvern zombie (D:10)
  A wyvern skeleton (D:11)
  6 scorpions
  A water moccasin skeleton (D:9)
  9 killer bees
  A wight (Vaults:2)
  2 electric eels
  A howler monkey (D:10)
  A bullfrog zombie (D:11)
  10 crimson imps
  3 centaur zombies
  A quasit (D:8)
  4 hounds
  5 jellies
  A bullfrog skeleton (D:7)
  25 orc priests
  30 orc wizards
  3 iguanas
  6 hell rats
  30 worker ants
  A big kobold zombie (Ossuary)
  A hound zombie (D:7)
  2 hound skeletons
  2 mummies (Ossuary)
  2 howler monkey skeletons
  2 worker ant zombies
  8 gnolls
  12 adders
  2 river rats (D:10)
  5 shadow imps
  An ooze (D:3)
  6 adder zombies (Ossuary)
  A worm (D:3)
  3 dart slugs
  2 leopard geckos
  125 orcs
  2 bats
  5 giant cockroaches
  7 goblins
  12 hobgoblins
  16 jackals
  41 kobolds
  3 quokkas
  3 ball pythons
  5 frilled lizards
  4 gnoll zombies (Ossuary)
  5 hobgoblin zombies (Ossuary)
  4 kobold zombies (Ossuary)
  4 orc zombies (Ossuary)
  A quokka skeleton (D:5)
  6 rats
  2 fungi
  A plant (Lair:6)
1503 creatures vanquished.

Vanquished Creatures (collateral kills)
  A fire dragon (Vaults:4)
  A dancing weapon (Orc:1)
  3 two-headed ogres (Orc:1)
  A shadow wraith (Vaults:4)
  2 deep trolls (Vaults:3)
  An ironbrand convoker (Vaults:3)
  A necromancer (Vaults:3)
  2 ugly things
  2 yaktaurs (Vaults:3)
  An ogre (Orc:1)
  2 orcs (Vaults:4)
17 creatures vanquished.

Vanquished Creatures (others)
  A merfolk avatar (Lair:6)
  A naga mage (Snake:4)
  A guardian serpent (Snake:1)
  A ynoxinul (Depths:1)
  2 humans (Snake:1)
  2 boggarts (Depths:1)
  A centaur (Vaults:2)
  An orc (Vaults:3)
  A ball python (D:4)
  7 plants
18 creatures vanquished.

Grand Total: 1538 creatures vanquished

Notes
Turn   | Place    | Note
-------+----------+-------------------------------------------
     0 | D:1      | Lanoc the Troll Berserker began the quest for the Orb.
     0 | D:1      | Reached XP level 1. HP: 22/22 MP: 0/0
   135 | D:1      | Reached skill level 3 in Maces & Flails
   135 | D:1      | Reached XP level 2. HP: 25/29 MP: 1/1
   380 | D:2      | Reached XP level 3. HP: 32/36 MP: 2/2
   778 | D:3      | Reached ** piety under Trog
   791 | D:3      | Reached XP level 4. HP: 38/44 MP: 3/3
   982 | D:3      | Found a bloodstained altar of Trog.
  1027 | D:3      | Reached skill level 4 in Maces & Flails
  1080 | D:3      | Reached XP level 5. HP: 22/53 MP: 4/4
  1493 | D:4      | Noticed a slave
  1493 | D:4      | Noticed a slave
  1530 | D:4      | Noticed Pikel
  1530 | D:4      | Noticed a slave
  1540 | D:4      | Noticed a slave
  1544 | D:3      | Killed a slave
  1615 | D:3      | Killed a slave
  1622 | D:3      | Killed a slave
  1626 | D:3      | HP: 1/53 [orc wizard/magic dart (7)]
  1714 | D:3      | Killed Pikel
  1714 | D:3      | Reached skill level 5 in Maces & Flails
  1714 | D:3      | Reached XP level 6. HP: 62/62 MP: 5/5
  1714 | D:3      | Reached XP level 7. HP: 70/70 MP: 6/6
  1754 | D:4      | Reached skill level 6 in Maces & Flails
  1815 | D:4      | Reached *** piety under Trog
  1923 | D:4      | Found a radiant altar of Vehumet.
  2122 | D:4      | Found a sacrificial altar of Ru.
  2122 | D:4      | Found a faded altar of an unknown god.
  2129 | D:4      | Found a shattered altar of Ashenzari.
  2131 | D:4      | Found a shadowy altar of Dithmenos.
  2133 | D:4      | Found an iron altar of Okawaru.
  2162 | D:5      | Entered Level 5 of the Dungeon
  2291 | D:5      | Found Gidghe's Antique Armour Shop.
  2312 | D:5      | Bought an ichor-stained robe for 176 gold pieces
  2323 | D:5      | Identified the +4 robe "Kucaurch" {MR- Str-3 Slay+4 Stlth+}
                  | (You bought it in a shop on level 5 of the Dungeon)
  2432 | D:5      | Found Uleg's Antique Armour Boutique.
  2452 | D:5      | Reached XP level 8. HP: 79/79 MP: 7/7
  2479 | D:5      | Identified Oqiowiwn's Collected Works on Fetching
                  | Orientation
  2612 | D:5      | Reached skill level 7 in Maces & Flails
  2678 | D:5      | Found a hide-covered altar of Uskayaw.
  2731 | D:5      | Reached skill level 5 in Dodging
  3051 | D:6      | Found a sand-covered staircase.
  3061 | Ossuary  | Entered an ossuary
  3080 | Ossuary  | Reached skill level 5 in Fighting
  3119 | Ossuary  | Reached **** piety under Trog
  3332 | D:6      | Reached skill level 8 in Maces & Flails
  3385 | D:6      | Reached XP level 9. HP: 74/88 MP: 8/8
  4099 | D:7      | Found a staircase to the Ecumenical Temple.
  4141 | Temple   | Entered the Ecumenical Temple
  4550 | D:7      | Found a glowing golden altar of the Shining One.
  4579 | D:7      | Reached ***** piety under Trog
  4800 | D:8      | Reached skill level 9 in Maces & Flails
  4806 | D:8      | Noticed Harold
  4823 | D:8      | Killed Harold
  5164 | D:8      | Reached XP level 10. HP: 88/100 MP: 9/9
  5377 | D:8      | Found Zin's Purification Station.
  5379 | D:8      | Found a glowing silver altar of Zin.
  5434 | D:8      | Noticed a two-headed ogre
  5448 | D:8      | Killed a two-headed ogre
  5448 | D:8      | Reached skill level 10 in Maces & Flails
  5773 | D:9      | Found Yttimnig's Jewellery Emporium.
  6368 | D:9      | Received a gift from Trog
  6369 | D:9      | Got a dazzling giant club {god gift}
  6370 | D:9      | Identified the +10 giant club "Sealuz" {venom, Dex+3} (Trog
                  | gifted it to you on level 9 of the Dungeon)
  6592 | D:9      | Noticed a gargoyle
  6594 | D:9      | Killed a gargoyle
  6838 | D:10     | Entered Level 10 of the Dungeon
  6889 | D:10     | Noticed a death yak
  6891 | D:10     | Found a staircase to the Lair.
  6892 | D:10     | Noticed a death yak
  6903 | D:10     | Killed a death yak
  6903 | D:10     | Reached skill level 11 in Maces & Flails
  6908 | D:10     | Noticed a death yak
  6914 | D:10     | Killed a death yak
  6914 | D:10     | Reached XP level 11. HP: 102/109 MP: 10/10
  6918 | D:10     | Killed a death yak
  6926 | D:10     | Noticed Erolcha
  6934 | D:10     | Killed Erolcha
  7594 | D:10     | Found a staircase to the Orcish Mines.
  7647 | D:10     | Received a gift from Trog
  8172 | D:11     | Reached skill level 12 in Maces & Flails
  8278 | D:11     | Noticed a purple ugly thing
  8279 | D:11     | Noticed a cyan ugly thing
  8284 | D:11     | Killed a cyan ugly thing
  8287 | D:11     | Killed a cyan ugly thing
  9068 | D:12     | Noticed Urug
  9079 | D:12     | Killed Urug
  9221 | D:12     | Noticed a white ugly thing
  9234 | D:12     | Killed a white ugly thing
  9234 | D:12     | Reached XP level 12. HP: 29/122 MP: 11/11
  9879 | D:13     | Found Xaecor's General Store.
  9881 | D:13     | Noticed a death knight
  9975 | D:13     | Reached skill level 13 in Maces & Flails
 10390 | D:13     | Bought a scroll of identify for 34 gold pieces
 10390 | D:13     | Bought a scroll of identify for 34 gold pieces
 10390 | D:13     | Bought a potion of might for 68 gold pieces
 10426 | D:13     | Received a gift from Trog
 10478 | D:13     | Noticed a two-headed ogre
 10481 | D:13     | Reached ****** piety under Trog
 10484 | D:13     | Killed a two-headed ogre
 10738 | D:13     | Found a gate to the Vaults.
 10738 | D:13     | Noticed a vault guard
 10738 | D:13     | Noticed a vault guard
 10747 | D:13     | Killed a vault guard
 10753 | D:13     | Killed a vault guard
 10753 | D:13     | Reached skill level 14 in Maces & Flails
 10955 | D:13     | Killed a death knight
 10960 | D:13     | Reached XP level 13. HP: 131/133 MP: 12/12
 11151 | D:14     | Got a bloodstained robe
 11170 | D:14     | Identified the cursed +1 robe of Cuimen {rC+} (You found it
                  | on level 14 of the Dungeon)
 11221 | D:14     | Reached skill level 10 in Fighting
 11221 | D:14     | Reached skill level 10 in Dodging
 11596 | D:14     | Received a gift from Trog
 11659 | D:14     | Reached skill level 15 in Maces & Flails
 11981 | D:15     | Entered Level 15 of the Dungeon
 12149 | D:15     | Found a staircase to the Depths.
 12502 | D:15     | Reached skill level 1 in Armour
 12556 | D:15     | Found an iron altar of Okawaru.
 12563 | D:15     | Reached XP level 14. HP: 117/144 MP: 13/13
 13474 | Orc:1    | Entered Level 1 of the Orcish Mines
 13568 | Orc:1    | Found a runed door.
 13568 | Orc:1    | Found a shimmering altar of Xom.
 13568 | Orc:1    | Noticed Serurodgh's ghost (novice DrTm)
 13617 | Orc:1    | Received a gift from Trog
 13632 | Orc:1    | Found a flagged portal.
 13639 | Bailey   | Entered a bailey
 13906 | Bailey   | Identified the Almanac of Indecent Exposure
 14319 | Orc:1    | Noticed an orc warlord
 14428 | Orc:1    | Received a gift from Trog
 14433 | Orc:1    | Killed an orc warlord
 14631 | Orc:1    | Reached skill level 16 in Maces & Flails
 14683 | Orc:2    | Entered Level 2 of the Orcish Mines
 14683 | Orc:2    | Found a staircase to the Elven Halls.
 15154 | Orc:2    | Paralysed by an ogre mage for 3 turns
 15202 | Orc:1    | Received a gift from Trog
 15220 | Orc:1    | Killed Serurodgh's ghost
 15571 | Orc:2    | Reached XP level 15. HP: 154/154 MP: 14/14
 15648 | Orc:2    | Noticed Rupert
 15672 | Orc:2    | Killed Rupert
 15769 | Orc:2    | Found Mudutt's Book Shoppe.
 15783 | Orc:2    | Found Jopaple's Jewellery Shoppe.
 15783 | Orc:2    | Found Teemagi's Food Shop.
 15786 | Orc:2    | Found Kaihy's Gadget Shoppe.
 15786 | Orc:2    | Found Suan's Assorted Antiques.
 15794 | Orc:2    | Bought a phantom mirror for 450 gold pieces
 15795 | Orc:2    | Bought a scroll labeled XISIUM JORUOPH for 22 gold pieces
 16138 | Lair:1   | Entered Level 1 of the Lair of Beasts
 16293 | Lair:1   | Noticed Sonja
 16424 | Lair:1   | Killed Sonja
 16845 | Lair:2   | Found a staircase to the Shoals.
 16898 | Lair:2   | Reached skill level 5 in Armour
 17027 | Lair:2   | Received a gift from Trog
 17133 | Lair:2   | Noticed Gastronok
 17147 | Lair:2   | Killed Gastronok
 17643 | Lair:3   | Noticed Feuff's ghost (journeyman MiFi)
 17655 | Lair:3   | Found a runed door.
 17669 | Lair:3   | Killed Feuff's ghost
 18170 | Lair:3   | Reached skill level 17 in Maces & Flails
 18621 | Lair:4   | Found a staircase to the Snake Pit.
 19147 | Lair:4   | Got a polished hand axe
 19148 | Lair:4   | Identified the +7 hand axe "Usil" {chop, Dex+3} (You found
                  | it on level 4 of the Lair of Beasts)
 19204 | Lair:5   | Found a staircase to the Slime Pits.
 19434 | Lair:5   | Received a gift from Trog
 19495 | Lair:5   | Got a fine great mace {god gift}
 19589 | Lair:5   | Got an iridescent hunting sling
 19590 | Lair:5   | Identified the +4 hunting sling "Hanih" {velocity, rF+}
                  | (You found it on level 5 of the Lair of Beasts)
 19592 | Lair:5   | Identified the +7 great mace of Ecwia {freeze, Dex+6} (Trog
                  | gifted it to you on level 5 of the Lair of Beasts)
 20128 | Lair:6   | Entered Level 6 of the Lair of Beasts
 20311 | Lair:6   | Reached XP level 16. HP: 109/165 MP: 15/15
 20343 | Lair:6   | Found a sparkling altar of Nemelex Xobeh.
 21483 | Snake:1  | Entered Level 1 of the Snake Pit
 21484 | Snake:1  | Noticed Kirke
 21494 | Snake:1  | Killed Kirke
 21741 | Orc:2    | Bought an uncursed ring of poison resistance for 280 gold
                  | pieces
 22116 | Snake:1  | Received a gift from Trog
 22512 | Snake:1  | Reached skill level 1 in Throwing
 22513 | Snake:1  | You fall through a shaft!
 22889 | Snake:1  | Reached skill level 18 in Maces & Flails
 22911 | Snake:1  | Received a gift from Trog
 23018 | Snake:1  | Found a snail-covered altar of Cheibriados.
 24175 | Snake:3  | Got a polished flail
 24176 | Snake:3  | Identified the +5 flail "Hulliura" {crush, rN+ Dex+6} (You
                  | found it on level 3 of the Snake Pit)
 24227 | Snake:3  | Identified a scroll of acquirement
 24390 | Snake:3  | Found Jeariu's Distillery.
 24410 | Snake:3  | Bought a potion of haste for 100 gold pieces
 24410 | Snake:3  | Bought a potion of heal wounds for 50 gold pieces
 24410 | Snake:3  | Bought a potion of curing for 30 gold pieces
 24410 | Snake:3  | Bought a potion of agility for 40 gold pieces
 24427 | Snake:3  | Found Unattint's Jewellery Boutique.
 24432 | Snake:3  | Found Noinaja's Gadget Shoppe.
 24433 | Snake:3  | Found Detz's Jewellery Boutique.
 24447 | Snake:3  | Bought the ring of Imnemohi {+Blink rPois Str+8 SInv} for
                  | 990 gold pieces
 24549 | Snake:4  | Entered Level 4 of the Snake Pit
 24887 | Snake:4  | Reached XP level 17. HP: 124/175 MP: 13/16
 26236 | Snake:4  | Reached skill level 5 in Throwing
 26564 | Snake:4  | Received a gift from Trog
 26896 | Snake:4  | Got a serpentine rune of Zot
 27048 | Snake:4  | Noticed Agnes
 27064 | Snake:4  | Killed Agnes
 27886 | Vaults:1 | Entered Level 1 of the Vaults
 27927 | Vaults:1 | Found Abuakea's General Store.
 27972 | Vaults:1 | Bought 2 scrolls of identify for 56 gold pieces
 27972 | Vaults:1 | Bought a phantom mirror for 420 gold pieces
 27972 | Vaults:1 | Bought a potion of agility for 56 gold pieces
 28564 | Vaults:1 | Found Vory's Magic Scroll Shop.
 28569 | Vaults:1 | Bought a scroll of magic mapping for 35 gold pieces
 28627 | Vaults:1 | Reached XP level 18. HP: 154/187 MP: 17/17
 28758 | Vaults:1 | Found Besk's Antique Weapon Shop.
 29608 | Vaults:2 | Noticed Saint Roka
 29656 | Vaults:2 | Killed Saint Roka
 29795 | Vaults:2 | Received a gift from Trog
 30398 | Vaults:2 | Received a gift from Trog
 30481 | Vaults:2 | Found a runed gate.
 30482 | Vaults:2 | Found a runed gate.
 30486 | Vaults:2 | Found a runed gate.
 30488 | Vaults:2 | Noticed Geloitur's ghost (veteran SpEE)
 30492 | Vaults:2 | Identified the cursed +1 robe "Rula" {rElec Regen+}
 30789 | Vaults:2 | Found Nydau's Assorted Antiques.
 31374 | Vaults:2 | Found a staircase to the Crypt.
 31660 | Vaults:3 | Reached skill level 10 in Armour
 31672 | Vaults:3 | Got a jewelled long sword
 31674 | Vaults:3 | Identified the cursed +3 long sword of Inconvenience
                  | {speed, +Blink rF+} (You found it on level 3 of the Vaults)
 31724 | Vaults:3 | Reached skill level 19 in Maces & Flails
 32348 | Vaults:3 | Noticed Jory
 32385 | Vaults:3 | Killed Jory
 32385 | Vaults:3 | Reached XP level 19. HP: 111/197 MP: 18/18
 32399 | Vaults:3 | Received a gift from Trog
 33289 | Vaults:3 | Received a gift from Trog
 33524 | Vaults:4 | Found Zidghit's Weapon Shoppe.
 33574 | Vaults:4 | Received a gift from Trog
 33680 | Vaults:4 | Noticed a Brimstone Fiend
 34504 | Vaults:4 | Received a gift from Trog
 35282 | Depths:1 | Entered Level 1 of the Depths
 35778 | D:15     | Received a gift from Trog
 36224 | Depths:1 | Reached XP level 20. HP: 183/208 MP: 19/19
 36578 | Depths:1 | Found a gateway to Hell.
 36588 | Depths:1 | Reached skill level 10 in Throwing
 36603 | Depths:1 | Found a gateway to a ziggurat.
 37231 | Depths:1 | Found a one-way gate leading to the halls of Pandemonium.
 37693 | Depths:2 | Reached skill level 15 in Fighting
 37703 | Depths:2 | Received a gift from Trog
 37782 | Depths:2 | Reached skill level 15 in Dodging
 37947 | Depths:2 | Noticed a caustic shrike
 37964 | Depths:2 | Killed a caustic shrike
 38120 | Depths:2 | Received a gift from Trog
 38426 | Depths:2 | Identified the +2 robe of Bemotaro {Str+3 Dex+4}
 38938 | Depths:2 | Upgraded the game from 0.23-a0-704-g7fdf9c5 to
                  | 0.23-a0-712-g3a644c0
 38942 | Depths:3 | Noticed a caustic shrike
 38954 | Depths:3 | Killed a caustic shrike
 39041 | Depths:2 | Reached skill level 20 in Maces & Flails
 39243 | Depths:3 | Noticed Xtahua
 39269 | Depths:3 | Noticed a caustic shrike
 39622 | Depths:2 | Received a gift from Trog
 39622 | Depths:2 | Reached XP level 21. HP: 204/218 MP: 20/20
 39733 | Depths:3 | HP: 15/327 [caustic shrike (25)]
 39733 | Depths:3 | HP: 6/327 [acid (9)]
 39734 | Depths:3 | Mangled by a caustic shrike

Vault maps used:
D:1:      ncdulo_smallfort
D:3:      first_ration, trog_three_pillars_becter
D:4:      vehumet_crystals, chequers_temple_overflow_minitemple, uniq_pikel
D:5:      eat_drink_and_be_merry_uskayaw, serial_shops, shop,
          kennysheep_mini_moat
D:6:      nicolae_ossuary_entry_monument, minmay_misc_feat_iff
D:7:      tso_oasis_becter, minmay_temple_entry_drinking_statues, the_bakery
D:8:      zin_purify, serial_glass, glass_columns_b, glass_columns_b,
          uniq_harold
D:9:      minmay_goldmine, serial_shops,
          nicolae_shop_temple_entry_statues_fountains
D:10:     dpeg_lair_monsters, erik_orc_1, minmay_unpleasant_kobolds,
          uniq_erolcha
D:12:     uniq_urug
D:13:     grunt_vaults_entry_tiered, serial_shops,
          nicolae_shop_temple_entry_statues_fountains, spider_trap,
          minmay_misc_feat_pillars, onia_ninara_dug_in_and_dangerous
D:14:     minmay_skewed_foursquare, glass_columns_b
D:15:     grunt_enter_depths_hoard, basic_altar, hex_intersection,
          chequers_hall_statues_wall_a, grunt_potential
Temple:   nicolae_temple_great_sept
Lair:1:   uniq_sonja
Lair:2:   elwin_shoals_entry_rooms, grunt_megastairs_2, serial_bayou_shore_b,
          uniq_gastronok
Lair:3:   hellmonk_ghost_happy_afterlife, minmay_lair_oklob_chamber
Lair:4:   statuecave_lemuel, guppyfry_snake_entry_garden, grunt_megastairs_1
Lair:5:   minmay_slime_entry_pillars, grunt_forest_large_clearings,
          infiniplex_staircase_pool_2
Lair:6:   gammafunk_lair_ancient_temple, basic_altar, minmay_another_anthill,
          serial_bayou_shore_b
Snake:1:  basic_altar, serial_bayou_shore_b, uniq_kirke
Snake:2:  serial_bayou_shore_a
Snake:3:  serial_shops, shop, minmay_shop_grove
Snake:4:  johnstein_snake_rune_scales, uniq_agnes
Orc:1:    ebering_ghost_xom, enter_bailey_1, elf_legates
Orc:2:    st_orc_ogre_mass, serial_shops, shop, uniq_rupert
Vaults:1: hangedman_vaults_capsules, nicolae_vaults_sealed_display,
          hangedman_vaults_corner, nicolae_vaults_big_angled_halls,
          hangedman_vaults_nails, nicolae_vaults_gold_heap, v_misc_19,
          nicolae_vaults_windows_and_doors_thing,
          nicolae_vaults_little_squares_6, ontoclasm_vaults_loading_screen,
          serial_shops, shop, nicolae_shop_stone, shop
Vaults:2: gammafunk_vaults_ghost_split, v_alt_pattern_4,
          nicolae_vaults_network_barrier, vaults_dpeg_encased_lava,
          nicolae_vaults_border_crossing, v_misc_19, ontoclasm_vaults_ligature,
          hangedman_vaults_slice, minmay_crypt_entry_simple_walls,
          hangedman_vaults_unwind, v_alt_pattern_5,
          ontoclasm_vaults_decontamination, v_misc_10, serial_shops,
          nicolae_shop_overgrown_old_shop, uniq_saint_roka
Vaults:3: v_misc_23, v_misc_19, v_alt_pattern_3, v_misc_27, v_rooms_6,
          hangedman_vaults_maws, nicolae_vaults_little_squares_2,
          vaults_mumra_hex, v_rooms_6, nicolae_vaults_alarming, st_lines,
          nicolae_vaults_hallways_thing, ontoclasm_vaults_gateway, uniq_jory
Vaults:4: v_alt_pattern_2, nicolae_vaults_what_the_h,
          hangedman_vaults_corner_blocks, v_misc_22, nicolae_vaults_asterisk,
          v_misc_31, v_rooms_4, v_misc_1, vaults_dpeg_ring,
          vaults_mumra_minichess, nicolae_vaults_fighting_squares, serial_shops,
          shop
Depths:1: enter_ziggurat_a, hangedman_decor_slide_cut, serial_glass,
          glass_columns_a, glass_columns_b, rand_demon_pan_entry_7, hell_entry,
          kennysheep_opposing_triangles
Depths:2: minmay_the_grid_triangle_9x9_rhombus_full, hell_entry,
          minmay_crystal_room
Depths:3: minmay_diamond_stairs, minmay_room_of_horrors,
          serial_sigils_hangedman_gnaw, pan_entry, hangedman_tar_grid_catacomb,
          nicolae_twisting_strands, st_stairs_3, minmay_misc_feat_encased,
          minmay_staircase_statues, uniq_xtahua
Ossuary:  ossuary_tomb_2
Bailey:   bailey_axe_1, bailey

Skill      XL: |  1  2  3  4  5  6  7  8  9 10 11 12 13 14 15 16 17 18 19 20 |
---------------+-------------------------------------------------------------+-----
Maces & Flails | 3 4 5 6 8 9 11 12 14 15 16 17 18 19 20 | 20.0
Dodging        | 3 4 5 6 7 8 9 10 11 12 13 14 15 | 15.3
Fighting       | 3 4 5 6 7 8 9 10 11 12 13 14 15 | 15.3
Armour         | 1 4 6 7 9 10 11 12 | 12.1
Throwing       | 3 6 8 9 11 | 11.0

Action                   |  1- 3 |  4- 6 |  7- 9 | 10-12 | 13-15 | 16-18 | 19-21 || total
-------------------------+-------+-------+-------+-------+-------+-------+-------++-------
Melee: Mace              |    62 |   144 |     1 |       |       |       |       ||   207
       Whip              |       |       |   429 |   121 |       |       |       ||   550
       Giant club        |       |       |       |   408 |  1100 |  1292 |   850 ||  3650
Throw: Large rock        |       |       |       |     5 |     7 |     3 |     5 ||    20
       Tomahawk          |       |       |       |       |     6 |       |       ||     6
Invok: Berserk           |     1 |     5 |     4 |     7 |    18 |    16 |    12 ||    63
       Trog's Hand       |       |       |       |     3 |    12 |    23 |    16 ||    54
       Brothers in Arms  |       |       |       |       |     3 |       |     3 ||     6
Evoke: Wand              |       |       |       |       |     2 |       |       ||     2
  Use: Scroll            |       |       |    12 |     9 |     9 |    14 |     7 ||    51
       Potion            |       |       |     1 |       |     4 |     7 |     1 ||    13
 Stab: Sleeping          |       |       |     3 |     6 |       |       |       ||     9
       Distracted        |       |       |       |       |       |       |     1 ||     1
  Eat: Chunk             |    14 |    13 |    27 |    84 |   108 |   119 |    86 ||   451
       Ration            |       |       |       |       |       |     5 |       ||     5
Armor: Animal skin       |    31 |    67 |    11 |       |       |       |       ||   109
       Robe              |       |       |   108 |   125 |     7 |       |       ||   240
       Troll leather arm |       |       |       |       |    37 |       |       ||    37
       Ice dragon scales |       |       |       |       |   485 |   421 |   237 ||  1143
       Skin              |       |       |       |       |    11 |       |       ||    11
       Shadow dragon sca |       |       |       |       |       |       |    24 ||    24
Dodge: Dodged            |    57 |   125 |   211 |   351 |   900 |  1256 |   639 ||  3539
       Deflected         |       |       |       |       |     1 |   156 |    54 ||   211

Table legend:
 A = Non-vault XP
 B = Vault XP
 C = Vault XP percentage of total XP
 D = Non-vault monster count
 E = Vault monster count
 F = Vault count percentage of total count
                 A         B        C        D         E       F
            +---------+---------+-------+---------+---------+-------
      Total |  301178 |  284490 |  48.6 |     935 |     583 |  38.4
            +---------+---------+-------+---------+---------+-------
        D:1 |      21 |       0 |   0.0 |      10 |       0 |   0.0
        D:2 |      44 |       0 |   0.0 |       6 |       0 |   0.0
        D:3 |     206 |     673 |  76.6 |      43 |       1 |   2.3
        D:4 |     265 |       0 |   0.0 |      15 |       0 |   0.0
        D:5 |     779 |       0 |   0.0 |      26 |       0 |   0.0
        D:6 |     732 |       0 |   0.0 |      18 |       0 |   0.0
        D:7 |     534 |     224 |  29.6 |      11 |       1 |   8.3
        D:8 |    2231 |     976 |  30.4 |      26 |       1 |   3.7
        D:9 |    1579 |     642 |  28.9 |      21 |      11 |  34.4
       D:10 |    1451 |    5599 |  79.4 |      30 |      36 |  54.5
       D:11 |    4096 |       0 |   0.0 |      37 |       0 |   0.0
       D:12 |    4542 |     831 |  15.5 |      21 |       1 |   4.5
       D:13 |    6187 |    7743 |  55.6 |      18 |      25 |  58.1
       D:14 |   15387 |    1888 |  10.9 |      39 |       6 |  13.3
       D:15 |   25643 |    7554 |  22.8 |      60 |      15 |  20.0
     Lair:1 |     763 |     802 |  51.2 |       3 |       1 |  25.0
     Lair:2 |    4964 |    2986 |  37.6 |      20 |       4 |  16.7
     Lair:3 |    7159 |    1020 |  12.5 |      25 |       1 |   3.8
     Lair:4 |    4374 |    1176 |  21.2 |      14 |       5 |  26.3
     Lair:5 |    6067 |    4902 |  44.7 |      29 |      37 |  56.1
     Lair:6 |    5834 |   14029 |  70.6 |      22 |      49 |  69.0
    Snake:1 |   18959 |    2315 |  10.9 |      40 |       2 |   4.8
    Snake:2 |   17070 |       0 |   0.0 |      32 |       0 |   0.0
    Snake:3 |    8173 |     999 |  10.9 |      16 |       2 |  11.1
    Snake:4 |   22325 |   43532 |  66.1 |      38 |      65 |  63.1
      Orc:1 |    7879 |   10014 |  56.0 |      76 |      18 |  19.1
      Orc:2 |    1556 |   16468 |  91.4 |      31 |      30 |  49.2
   Vaults:1 |   16245 |   13583 |  45.5 |      34 |      28 |  45.2
   Vaults:2 |   12565 |   26029 |  67.4 |      24 |      43 |  64.2
   Vaults:3 |   22223 |   36504 |  62.2 |      36 |      58 |  61.7
   Vaults:4 |   18704 |   30795 |  62.2 |      26 |      45 |  63.4
   Depths:1 |   22721 |    8306 |  26.8 |      32 |       9 |  22.0
   Depths:2 |   26776 |   33683 |  55.7 |      37 |      24 |  39.3
   Depths:3 |   13124 |    9359 |  41.6 |      19 |       5 |  20.8
    Ossuary |       0 |     279 | 100.0 |       0 |      28 | 100.0
     Bailey |       0 |    1579 | 100.0 |       0 |      32 | 100.0
            +---------+---------+-------+---------+---------+-------
